 Dungeon Crawl Stone Soup version 0.31-a0-1338-gb567cfdca4 (webtiles) character file.

Game seed: 11131782470091361329

56 MachoJfn the Magician (level 4, -2/31 HPs)
             Began as a Djinni Fire Elementalist on Dec 21, 2023.
             Slain by a gnoll
             ... wielding a +0 flail
              (12 damage)
             ... on level 3 of the Dungeon.
             The game lasted 00:04:28 (1570 turns).

MachoJfn the Magician (Djinni Fire Elementalist)    Turns: 1570, Time: 00:04:30

Health: -2/31      AC:  3    Str:  7    XL:     4   Next: 17%
Gold:   156        EV: 12    Int: 24    God:
                   SH:  0    Dex: 14

rFire   + + .        o - +0 dagger (venom)
rCold   x . .        (no shield)
rNeg    . . .        a - +0 robe
rPois   ∞            (no helmet)
rElec   .            (no cloak)
rCorr   .            n - +0 pair of gloves
SInv    .            (boots unavailable)
Will    +....        (no amulet)
Stlth   ++           g - +6 ring of intelligence
HPRegen 0.25/turn    j - ring of willpower
MPRegen 0.00/turn

%: infuse magic (-3 HP)
@: flying
A: sickness immunity, fire resistance 2, cold vulnerability 1, float, innate
caster, HP casting, extra vitality 1
a: no special abilities


You were on level 3 of the Dungeon.
You visited 1 branch of the dungeon, and saw 3 of its levels.

You collected 156 gold pieces.

Inventory:

Hand Weapons
 o - a +0 dagger of venom (weapon)
Missiles
 c - a throwing net
 d - 24 stones
 f - 6 boomerangs
 k - 2 datura-tipped darts
 l - 11 poisoned darts
Armour
 a - a +0 robe (worn)
 m - a +1 ring mail of cold resistance
 n - a +0 pair of gloves (worn)
Jewellery
 g - a +6 ring of intelligence (left hand)
 j - a ring of willpower (right hand)
Wands
 q - a wand of roots (3)
Scrolls
 e - 3 scrolls of identify
 h - a scroll of teleportation
 p - 2 scrolls of enchant armour {unknown}
Potions
 b - a potion of haste
 i - a potion of invisibility
 r - 2 potions of heal wounds


   Skills:
 + Level 2.8 Dodging
 + Level 2.3 Stealth
 * Level 3.7 Spellcasting
 * Level 3.7 Conjurations
 * Level 3.7 Hexes
 * Level 3.7 Summonings
 * Level 3.7 Necromancy
 * Level 3.7 Translocations
 * Level 3.7 Fire Magic
 * Level 3.7 Ice Magic
 * Level 3.7 Air Magic
 * Level 3.7 Earth Magic
 * Level 3.7 Alchemy


You knew the following spells:

 Your Spells              Type           Power      Damage    Failure   Level
a - Foxfire               Conj/Fire      88%        2x1d8     2%          1
b - Scorch                Fire           44%        2d6       3%          2
c - Volatile Blastmotes   Fire/Tloc      44%        2d13      7%          3
d - Inner Flame           Hex/Fire       22%        N/A       7%          3
e - Flame Wave            Conj/Fire      22%        2d8       22%         4
f - Sting                 Conj/Alch      88%        1d8       2%          1
Your spell library was empty.

Dungeon Overview and Level Annotations

Branches:
Dungeon (3/15)

Altars:
Gozag


Innate Abilities, Weirdness & Mutations

You are immune to sickness and miasma.
You are immune to poison.
Your flesh is very heat resistant. (rF++)
You are vulnerable to cold. (rC-)
You float through the air rather than walking.
You learn spells naturally, not from books.
Your magical power is your life essence.
You have superior vitality. (+4 MHP)


Message History

Found an escape hatch in the ceiling.
r - 2 potions of heal wounds
p - 2 scrolls labelled MED JANE VIOZ (gained 1)
An orc comes into view. It is wielding a +0 hand axe.
Found 6 stones.
The orc shouts!
You hear a shout!
Casting: Scorch (safe; 3% risk of failure)
Confirm with . or Enter, or press ? or * to list all spells.
Flames lash the orc.
You kill the orc!
You hear a shout! 4 gnolls come into view.
Casting: Scorch (safe; 3% risk of failure)
Confirm with . or Enter, or press ? or * to list all spells.
You conjure some foxfire!
Your foxfire dissipates!
The foxfire hits the gnoll.
The gnoll is moderately wounded.
The gnoll hits you with a +0 flail!
The gnoll hits you from afar with a +0 spear.
Casting: Foxfire (safe; 2% risk of failure)
Confirm with . or Enter, or press ? or * to list all spells.
Flames lash the gnoll.
The gnoll is almost dead.
The gnoll's fire resistance burns away.
The gnoll closely misses you. The gnoll misses you.
Casting: Scorch (safe; 3% risk of failure)
Confirm with . or Enter, or press ? or * to list all spells.
Flames lash the gnoll.
The gnoll is heavily wounded.
The gnoll's fire resistance burns away.
The gnoll closely misses you. The gnoll barely misses you.
Casting: Scorch (safe; 3% risk of failure)
Confirm with . or Enter, or press ? or * to list all spells.
Flames lash the gnoll.
The gnoll is severely wounded.
The gnoll's fire resistance burns away.
* * * LOW HITPOINT WARNING * * *
The gnoll hits you with a +0 flail!
You die...

############ #
##.........@# #.
#...#######g#####
#.#.###.######.g...#
... #.........)(....
#
#.###.#########.....
#...## .#### ##.## #
#####.#####
#.........#


You could see 2 gnolls.

Vanquished Creatures
  An adder (D:2)
  A worm (D:2)
  2 dart slugs
  2 orcs (D:3)
  4 bats
  3 endoplasms
  3 goblins
  2 hobgoblins
  4 kobolds
  4 quokkas
  3 ball pythons
  2 frilled lizards
  4 rats
35 creatures vanquished.

Vanquished Creatures (others)
  66 foxfires
66 creatures vanquished.

Grand Total: 101 creatures vanquished

Notes
Turn   | Place    | Note
-------+----------+-------------------------------------------
     0 | D:1      | MachoJfn the Djinni Fire Elementalist began the quest for
                  | the Orb.
     0 | D:1      | MachoJfn set off with the following spells memorised:
                  | Foxfire, Scorch, Volatile Blastmotes, Inner Flame, Flame
                  | Wave.
     0 | D:1      | Reached XP level 1. HP: 15/15 MP: 0/0
   118 | D:1      | Reached XP level 2. HP: 19/21 MP: 0/0
   574 | D:2      | Reached XP level 3. HP: 24/25 MP: 0/0
   574 | D:2      | Learned a level 1 spell: Sting
  1000 | D:2      | Found an opulent altar of Gozag.
  1330 | D:3      | Reached XP level 4. HP: 28/31 MP: 0/0
  1570 | D:3      | Slain by a gnoll

Illustrated notes

Levels and vault maps discovered:
D:1:      wheals_arrival_shading, layout_rooms, minmay_pentomino_w2
D:2:      layout_loops_ring, basic_altar
D:3:      layout_loops_ring, minmay_misc_feat_rugged

Skill      XL: |  1  2 |
---------------+-------+-----
Stealth        | 2 |  2.3
Dodging        | |  2.8
Spellcasting   | |  3.7
Conjurations   | |  3.7
Hexes          | |  3.7
Summonings     | |  3.7
Necromancy     | |  3.7
Translocations | |  3.7
Fire Magic     | |  3.7
Ice Magic      | |  3.7
Air Magic      | |  3.7
Earth Magic    | |  3.7
Alchemy        | |  3.7

Action                     |  1- 3 |  4- 6 || total
---------------------------+-------+-------++-------
   Cast: Foxfire           |    38 |     4 ||    42
         Scorch            |    12 |     8 ||    20
         Inner Flame       |     1 |       ||     1
    Use: Scroll            |     7 |       ||     7
         Potion            |     1 |       ||     1
 Armour: Robe              |       |     3 ||     3
  Dodge: Dodged            |     1 |     5 ||     6

Table legend: (Time is in decaauts)
 A = Elapsed time spent in this place.
 B = Non-inter-level travel time spent in this place.
 C = Inter-level travel time spent in this place.
 D = Time resting spent in this place.
 E = Time spent auto-exploring this place.
 F = Levels seen in this place.
 G = Mean time per level.
                   A        B        C        D        E       F      G
               +--------+--------+--------+--------+--------+-----+--------+
         Total |   1568 |   1444 |    124 |     93 |   1116 |   3 |  522.7 |
       Dungeon |   1568 |   1444 |    124 |     93 |   1116 |   3 |  522.7 |
               +--------+--------+--------+--------+--------+-----+--------+

Top non-repeatable levels by time:
     D:2: 762 daAuts
     D:1: 563 daAuts
     D:3: 241 daAuts
